 Dungeon Crawl Stone Soup version 0.25-a0-474-ga8a2ee3166 (webtiles) character file.

Game seed: 2550732558431389253, levelgen mode: deterministic

7 Hamoct the Firebug (level 1, 0/14 HPs)
             Began as a Draconian Fire Elementalist on Feb 7, 2020.
             Slain by a kobold (2 damage)
             ... on level 1 of the Dungeon.
             The game lasted 00:06:15 (252 turns).

Hamoct the Firebug (Draconian Fire Elementalist)     Turns: 252, Time: 00:06:16

Health: 0/14       AC:  4    Str: 15    XL:     1   Next: 91%
Magic:  3/3        EV: 12    Int: 15    God:
Gold:   0          SH:  0    Dex: 11    Spells: 3/4 levels left

rFire    . . .     SeeInvis .   a - +0 club
rCold    . . .     Gourm    .   (no shield)
rNeg     . . .     Faith    .   (armour unavailable)
rPois    .         Spirit   .   (helmet restricted)
rElec    .         Reflect  .   (no cloak)
rCorr    .         Harm     .   (no gloves)
MR       .....                  (no boots)
Stlth    ++........             (no amulet)
HPRegen  0.04/turn              (no ring)
MPRegen  0.08/turn              (no ring)

@: mighty
A: unfitting armour, cold-blooded, AC +4
a: no special abilities


You were on level 1 of the Dungeon.
You were full.

You visited 1 branch of the dungeon, and saw 1 of its levels.

Inventory:

Hand Weapons
 a - a +0 club (weapon)
 b - a +0 club
 c - a cursed -2 dagger
 f - a +0 hand axe
Missiles
 d - 35 stones (quivered)
 e - 21 arrows
 i - 8 poisoned darts
Armour
 g - a +0 pair of boots
 h - a +0 robe


   Skills:
 + Level 1.7 Dodging
 + Level 2.0 Stealth
 + Level 0.2 Unarmed Combat
 + Level 2.0 Spellcasting
 + Level 1.0 Conjurations
 + Level 3.3 Fire Magic


You had 3 spell levels left.
You knew the following spells:

 Your Spells              Type           Power        Failure   Level  Hunger
a - Foxfire               Conj/Fire      #...         9%          1    #......

Your spell library contained the following spells:

 Spells                   Type           Power        Failure   Level  Hunger
 Conjure Flame            Conj/Fire      #.......     26%         3    ###....
 Inner Flame              Hex/Fire       #.......     34%         3    ###....
 Sticky Flame             Conj/Fire      #.......     65%         4    #####..
 Fireball                 Conj/Fire      #.........   94%         5    ######.


Dungeon Overview and Level Annotations

Branches:
Dungeon (1/15)

Altars:


Innate Abilities, Weirdness & Mutations

Your plain brown scales are hard. (AC +4)
You cannot fit into any form of body armour.
You are cold-blooded and may be slowed by cold attacks.


Message History

A kobold comes into view.
The kobold shouts!
A dart slug comes into view.
A hobgoblin comes into view. It is wielding a +0 club.
Found a club and a cyan potion.
Found a scroll labeled FEXKICHOITE.
The dart slug bites you.
* * * LOW HITPOINT WARNING * * *
The hobgoblin barely misses you. The dart slug launches a dart at you.
The slug dart misses you.
You see here a cyan potion.
j - a cyan potion The hobgoblin closely misses you.
It was a potion of might.
You feel very mighty all of a sudden. The kobold barely misses you.
The hobgoblin hits you but does no damage.
The kobold hits you.
You die...

.....# #...
###### ###
##..# ...###
.# #.....
...#.....
.#.#....####
...........#
#......wg.#
#.......K@#.#
#..........#
.#
#.##...#.##.#
.### #...#.#
#.# #...#
#)#.#.# #.#
....# #.#.#.#
.### ..... .
#.#.# .... .#
.#
#.#.###..##
.# #?
#........#


You could see a dart slug, a hobgoblin and a kobold.

Vanquished Creatures
  A leopard gecko (D:1)
  A bat (D:1)
  3 goblins (D:1)
  A kobold (D:1)
  A rat (D:1)
7 creatures vanquished.

Notes
Turn   | Place    | Note
-------+----------+-------------------------------------------
     0 | D:1      | Hamoct the Draconian Fire Elementalist began the quest for
                  | the Orb.
     0 | D:1      | Reached XP level 1. HP: 14/14 MP: 3/3
   252 | D:1      | Slain by a kobold

Levels and vault maps discovered:
D:1:      dpeg_arrival_short_road, layout_loops_ring, hangedman_decor_push,
          chequers_serial_rivers_room_a

Skill      XL: |  1 |
---------------+----+-----
Stealth        | 2 |  2.0
Dodging        | |  1.7
Unarmed Combat | |  0.2
Spellcasting   | |  2.0
Conjurations   | |  1.0
Fire Magic     | |  3.3

Action                   || total
-------------------------++-------
Melee: Club              ||    15
       Unarmed           ||     7
  Use: Potion            ||     1
 Stab: Sleeping          ||     1
  Eat: Ration            ||     1
Armor: Skin              ||     9
Dodge: Dodged            ||    22

Table legend:
 A = Non-vault XP
 B = Vault XP
 C = Vault XP percentage of total XP
 D = Non-vault monster count
 E = Vault monster count
 F = Vault count percentage of total count
                 A         B        C        D         E       F
            +---------+---------+-------+---------+---------+-------
      Total |      11 |       0 |   0.0 |       7 |       0 |   0.0
            +---------+---------+-------+---------+---------+-------
        D:1 |      11 |       0 |   0.0 |       7 |       0 |   0.0
            +---------+---------+-------+---------+---------+-------
